 Dungeon Crawl Stone Soup version 0.32-a0-994-gabb26cbae4 (webtiles) character file.

Game seed: 12707743063175175716

171 GabrielManson the Trooper (level 5, 0/57 HPs)
             Began as an Oni Delver on Apr 22, 2024.
             Killed from afar by Blork the orc (10 damage)
             ... with a puff of frost
             ... on level 4 of the Dungeon.
             The game lasted 00:06:47 (2452 turns).

GabrielManson the Trooper (Oni Delver)              Turns: 2452, Time: 00:06:48

Health: 0/57       AC:  3    Str: 17 (18) XL:     5   Next: 51%
Magic:  5/5        EV:  9    Int: 17      God:
Gold:   140        SH:  0    Dex:  8 (10) Spells: 4/4 levels left

rFire   . . .        n - +0 hand axe (freeze)
rCold   . . .        (no shield)
rNeg    . . .        b - +0 robe
rPois   .            (helmet restricted)
rElec   .            (no cloak)
rCorr   .            (gloves unavailable)
SInv    .            (boots unavailable)
Will    .....        q - amulet of regeneration
Stlth   ++           i - ring of wizardry
HPRegen 1.09/turn    p - +6 ring of intelligence
MPRegen 0.09/turn

%: wizardry (x1)
@: no status effects
A: large, unfitting armour, horns 1, tough skin 1, double potion healing,
drunken brawling
a: no special abilities


You were on level 4 of the Dungeon.
You visited 1 branch of the dungeon, and saw 5 of its levels.

You collected 140 gold pieces.

Inventory:

Hand Weapons
 a - a +0 hand axe
 l - a +4 whip
 n - a +0 hand axe of freezing (weapon)
Armour
 b - a +0 robe (worn)
Jewellery
 i - a ring of wizardry (left hand)
 p - a +6 ring of intelligence (right hand)
 q - an amulet of regeneration (around neck)
Wands
 g - a wand of digging (3)
 s - a wand of roots (5)
Scrolls
 c - 3 scrolls of fog
 d - a scroll of revelation
 e - a scroll of fear
 h - 2 scrolls of teleportation {unknown}
 k - 4 scrolls of identify {unknown}
 m - a scroll of noise {unknown}
 o - a scroll of butterflies {unknown}
Potions
 f - a potion of haste
 j - 2 potions of heal wounds
 r - a potion of brilliance


   Skills:
 + Level 5.2 Fighting
 + Level 2.7(3.1) Axes
 - Level 2.0(2.7) Maces & Flails
 + Level 1.1 Armour
 - Level 2.4 Dodging
 - Level 4.1 Stealth


You had 4 spell levels left.
You didn't know any spells.
Your spell library contained the following spells:

 Spells                   Type           Power      Damage    Failure   Level
 Shock                    Conj/Air       0%         1d3       10%         1
 Ensorcelled Hibernation  Hex/Ice        0%         N/A       14%         2
 Passwall                 Erth           0%         N/A       26%         3
 Swiftness                Air            0%         N/A       26%         3
 Airstrike                Air            0%         2d(0-16)  65%         4


Dungeon Overview and Level Annotations

Branches:
Dungeon (5/15)
 Temple: D:4-7

Altars:

Shops:
D:3 ([(

Annotations:
D:4 Blork the orc


Innate Abilities, Weirdness & Mutations

You are too large for most types of armour.
You have a pair of small horns on your head.
You have tough skin. (AC +1)
You gain doubled healing and magic from potions.
Whenever you drink a healing potion, you attack all around you.


Message History

Blork the orc closely misses you.
You hit Blork the orc. You freeze Blork the orc.
Blork the orc is moderately wounded.
Blork the orc zaps a wand.
The puff of flame hits you.
You hit Blork the orc. You freeze Blork the orc.
Blork the orc is moderately wounded.
Blork the orc hits you with a +0 battleaxe!
You hit Blork the orc. You freeze Blork the orc.
Your headbutt misses Blork the orc.
Blork the orc is moderately wounded.
Blork the orc casts a spell.
Blork the orc seems to speed up.
You closely miss Blork the orc.
Blork the orc is moderately wounded.
Blork the orc hits you with a +0 battleaxe!
Blork the orc zaps a wand.
The puff of flame misses you.
You are too injured to fight recklessly!
You are too injured to fight recklessly!
You are too injured to fight recklessly!
You are too injured to fight recklessly!
You are too injured to fight recklessly!
You are too injured to fight recklessly!
You are too injured to fight recklessly!
You hit Blork the orc. You freeze Blork the orc.
Blork the orc is heavily wounded.
Blork the orc hits you with a +0 battleaxe!
* * * LOW HITPOINT WARNING * * *
Blork the orc screams, "I'll make you see things how they really are!"
Blork the orc hits you with a +0 battleaxe.
* * * LOW HITPOINT WARNING * * *
You hit Blork the orc. You freeze Blork the orc.
Blork the orc is severely wounded.
Blork the orc closely misses you.
You hit Blork the orc. You freeze Blork the orc.
Blork the orc is severely wounded.
Blork the orc closely misses you.
Blork the orc gestures at you while chanting.
The puff of frost hits you!
You die...
Blork the orc shouts, "I believe in me!"

....####### #####
##++### # ≈≈..≈≈§## #
......≈≈## #
#≈≈.§....§§≈≈## #
##§§§..§......§§##
####§≈.....§......§§##
..#≈§....≈§§≈≈§o.§§§≈#
#.#≈....≈.# #.≈@...≈#
(.#≈....≈# ##≈....≈#
..'.....≈# #≈.....+
..'.....§# #§.....+
..#§....§## ##≈§...≈#
.##§§...≈.####.≈§...§#
..#§≈....≈≈§≈≈≈....≈≈#
#.##≈≈............≈≈##
...##≈≈..........≈≈##


You could see Blork the orc (fast).

Vanquished Creatures
  An iguana (D:4)
  An orc wizard (D:4)
  3 adders
  2 dart slugs (D:1)
  10 orcs
  7 ball pythons
  4 endoplasms
  A giant cockroach (D:1)
  7 goblins
  6 hobgoblins
  8 jackals
  A quokka (D:1)
  6 bats
  2 frilled lizards
  7 kobolds
  8 rats
74 creatures vanquished.

Notes
Turn   | Place    | Note
-------+----------+-------------------------------------------
     0 | D:5      | GabrielManson the Oni Delver began the quest for the Orb.
     0 | D:5      | Reached XP level 1. HP: 24/24 MP: 1/1
     2 | D:5      | Noticed a sleepcap
   178 | D:2      | Reached XP level 2. HP: 12/32 MP: 2/2
   572 | D:2      | Reached XP level 3. HP: 36/40 MP: 3/3
   952 | D:1      | Reached skill level 1 in Maces & Flails
  1331 | D:1      | Reached XP level 4. HP: 49/49 MP: 4/4
  1918 | D:3      | Found Rodwis's Weapon Shop.
  1940 | D:3      | Found Sidoq's Weapon Boutique.
  2087 | D:3      | Found Lakkal's Antique Armour Shop.
  2195 | D:4      | Reached skill level 5 in Fighting
  2195 | D:4      | Reached XP level 5. HP: 34/57 MP: 5/5
  2268 | D:4      | Reached skill level 1 in Armour
  2442 | D:4      | Noticed Blork the orc
  2452 | D:4      | Killed from afar by Blork the orc

Illustrated notes

Levels and vault maps discovered:
D:1:      onia_arrival_handbag, layout_basic, solitary_fountain,
          chequers_big_river, chequers_serial_rivers_micro_d,
          palyth_stone_intersect
D:2:      layout_basic, uniq_jessica, uniq_crazy_yiuf_cottage, uniq_sigmund
D:3:      layout_rooms, serial_shops, nicolae_shop_tiny_real_fake_doors, shop,
          nicolae_shop_tiny_real_fake_doors
D:4:      layout_loops_cross, minmay_strange_pillars, kennysheep_big_empty_room,
          uniq_blork_the_orc
D:5:      layout_loops_corners, amethyst_killhole, minmay_ogre_servants

Skill      XL: |  1  2  3  4  5 |
---------------+----------------+-----
Dodging        | 2 |  2.4
Maces & Flails | 1 2 |  2.0
Stealth        | 4 |  4.1
Fighting       | 5 |  5.2
Armour         | 1 |  1.1
Axes           | |  2.7

Action                     |  1- 3 |  4- 6 || total
---------------------------+-------+-------++-------
  Melee: Hand axe          |    25 |    49 ||    74
         Headbutt          |     9 |    15 ||    24
         Whip              |    72 |    43 ||   115
    Use: Potion            |     5 |     2 ||     7
   Stab: Sleeping          |     6 |     4 ||    10
 Armour: Robe              |    53 |    92 ||   145
  Dodge: Dodged            |    40 |    53 ||    93

Table legend: (Time is in decaauts)
 A = Elapsed time spent in this place.
 B = Non-inter-level travel time spent in this place.
 C = Inter-level travel time spent in this place.
 D = Time resting spent in this place.
 E = Time spent auto-exploring this place.
 F = Levels seen in this place.
 G = Mean time per level.
                   A        B        C        D        E       F      G
               +--------+--------+--------+--------+--------+-----+--------+
         Total |   2463 |   2379 |     84 |     78 |   1736 |   5 |  492.6 |
       Dungeon |   2463 |   2379 |     84 |     78 |   1736 |   5 |  492.6 |
               +--------+--------+--------+--------+--------+-----+--------+

Top non-repeatable levels by time:
     D:2: 806 daAuts
     D:1: 765 daAuts
     D:3: 566 daAuts
     D:4: 319 daAuts
     D:5: 5 daAuts
